Map: Blackpink LE

Players

CinDra - Winner!

  • Race: Zerg Zerg
  • League: Bronze
  • Spawn Location: 7:00

FranzDevil

  • Race: Zerg Zerg
  • Spawn Location: 1:00

VOD

Have the link to the VOD?

Description

Time

  • Played on: Feb. 11, 2018, 12:37 a.m.
  • Length: 10:08
Show
View Real Time Build Order
Export as new Build Order

CinDra Zerg - Winner!

Build Orders: Pool First 

Get SALT Encoding   

  12  0:01  Drone  
  13  0:15  Overlord  
  13  0:17  Drone  
  14  0:33  Drone  
  14  0:34  Drone  
  16  0:43  Spawning Pool  
  16  0:45  Drone  
  16  0:54  Drone  
  17  1:06  Drone  
  18  1:15  Hatchery  
  17  1:18  Drone  
  18  1:29  Drone  
  19  1:38  Zergling x2, Extractor  
  19  1:41  Queen  
  21  1:48  Drone  
  22  2:01  Overlord  
  22  2:14  Overlord  
  22  2:28  Drone x2  
  22  2:29  Queen  
  26  2:31  Zergling x2  
  27  2:42  Extractor  
  26  2:45  Drone, Roach Warren  
  26  2:46  Drone  
  27  2:56  Drone  
  27  2:57  Drone x3  
  31  3:34  Roach x2  
  31  3:35  Drone x6  
  41  3:45  Overlord x2  
  41  3:47  Metabolic Boost  
  41  4:08  Pneumatized Carapace, Lair  
  41  4:10  Drone x7  
  41  4:11  Drone  
  41  4:17  Extractor  
  48  4:18  Roach  
  48  4:19  Extractor  
  49  4:26  Drone x2  
  51  4:46  Drone x2  
  51  4:47  Drone x3  
  51  4:48  Overlord  
  51  4:49  Roach, Overlord  
  58  5:02  Queen  
  60  5:11  Roach x2  
  60  5:12  Roach x6  
  60  5:13  Overlord  
  76  5:16  Overseer x2  
  75  5:30  Roach  
  75  5:34  Roach x2  
  80  5:37  Glial Reconstitution  
  80  5:43  Drone  
  80  5:44  Spire  
  80  5:46  Overlord  
  80  5:47  Roach  
  84  6:11  Roach  
  84  6:12  Roach x4, Overlord  
  84  6:13  Overlord x3  
  92  6:31  Roach  
  92  6:32  Roach x3  
  100  6:52  Roach  
  100  6:53  Zergling x6, Roach  
  100  6:54  Roach x3  
  113  7:08  Evolution Chamber  
  113  7:11  Evolution Chamber  
  99  7:39  Roach x5  
  99  7:40  Roach x3  
  99  7:43  Overlord x2  
  115  7:48  Zerg Missile Weapons Level 1  
  115  7:49  Zerg Ground Armor Level 1  
  115  7:50  Zerg Flyer Weapons Level 1  
  100  8:23  Roach x3  
  100  8:24  Roach x9  
  124  9:10  Roach x5  
  124  9:11  Overlord x2  
  124  9:12  Overlord x5  
Show
View Real Time Build Order
Export as new Build Order

FranzDevil Zerg 

Build Orders: Pool First 

Get SALT Encoding   

  12  0:05  Drone  
  13  0:13  Overlord  
  13  0:18  Drone  
  14  0:32  Drone x2  
  16  0:44  Spawning Pool  
  15  0:53  Drone x2  
  17  1:21  Drone x2, Extractor  
  17  1:22  Hatchery  
  17  1:25  Drone  
  18  1:36  Drone  
  19  1:49  Queen  
  21  1:56  Overlord  
  21  2:16  Zergling x4  
  21  2:19  Zergling x2  
  24  2:29  Metabolic Boost  
  24  2:33  Zergling x2  
  25  2:38  Queen  
  27  2:44  Drone x2  
  29  3:00  Extractor  
  29  3:01  Drone  
  29  3:02  Drone x3  
  32  3:06  Lair  
  32  3:18  Drone x2, Overlord  
  32  3:19  Drone  
  35  3:32  Drone  
  36  3:45  Zergling x10  
  36  3:46  Zergling x2  
  42  4:06  Zergling x4  
  42  4:09  Overlord x2  
  44  4:24  Infestation Pit  
  44  4:28  Drone x2  
  44  4:30  Drone, Hydralisk Den  
  44  4:31  Drone x4  
  48  4:37  Zergling x2  
  48  4:38  Zergling x4  
  52  4:54  Evolution Chamber  
  52  4:56  Evolution Chamber  
  50  5:04  Hive  
  50  5:10  Hydralisk  
  50  5:11  Hydralisk x3  
  50  5:13  Overlord  
  50  5:14  Overlord x2  
  58  5:20  Zergling x4  
  60  5:34  Zergling x2  
  60  5:35  Zergling x12  
  67  5:48  Drone x2  
  67  5:49  Drone  
  70  5:58  Extractor  
  70  6:04  Extractor  
  68  6:07  Zergling x2  
  68  6:08  Zergling x4  
  71  6:19  Zerg Missile Weapons Level 1  
  71  6:39  Adrenal Glands  
  71  6:50  Hydralisk  
  73  7:21  Spire  
  37  7:39  Zergling x6  
  37  7:40  Zergling x36  
  44  8:13  Zerg Ground Armor Level 1  
  44  8:14  Zergling x2  
  44  8:15  Zergling x14  
  28  8:38  Zergling x6  
  25  8:49  Mutalisk  
  27  9:12  Hatchery  
  23  9:24  Hydralisk x2  
  23  9:25  Mutalisk x3  
  33  9:35  Mutalisk  
Tags
 
League
Bronze
Matchup
ZvZ
Race
Zerg
Spawn Locations
Cross Positions
Add a new tag
Caveats
  • Supply blocks, unpowered buildings, or Contaminate may cause inaccurate times.
  • Supply counts are checked every 10 seconds.